Wild vs Blackhawks

Created - 9 janvier 2020 at 12:41

Goals
1 2 3 T
Wild 1 1 1 3
Blackhawks 1 0 0 1
Shots
1 2 3 T
Wild 6 11 18 35
Blackhawks 10 14 8 32

1st period

1. Wild , Adrian Kempe 6 (Kris Letang 16, Christian Dvorak 5) at 7:18
2. Blackhawks , Eric Staal 9 (Zach Parise 25) at 9:58

Penalties :
Carson Soucy (CHI) for Hooking (Minor) at 16:26

2nd period

3. Wild , Kris Letang 5 (William Nylander 11, Chris Tierney 10) at 6:38

Penalties :
Derek Forbort (CHI) for Roughing (Minor) at 0:33, Gavin Bayreuther (CHI) for Cross-checking (Minor) at 7:44, Lawson Crouse (MIW) for Unsportsmanlike conduct (Minor) at 15:41

3rd period

4. Wild , Chris Tierney 15 (Brad Marchand 17, Brayden McNabb 9) at 19:32 (Empty Net)

Penalties :
Eric Staal (CHI) for Roughing (Minor) at 14:44

Goalie Stats

Anton Khudobin (MIW), 31 saves from 32 shots - (0,969), W, 18-4-4, 60:00 minutes
Frederik Andersen (CHI), 32 saves from 34 shots - (0,941), L, 13-17-3, 59:36 minutes

Players Stats for Wild

Player Name              G  A  P  +/- PIM S  H  SB GA TA FO     MP     PP MP  PK MP  
------------------------------------------------------------------------------------
Adrian Kempe             1  0  1   1  0   1  1  0  0  0  0/0     7:55   0:00   0:00 
Brad Marchand            0  1  1   0  0   2  2  1  0  1  1/2    17:09   0:00   0:54 
Brayden McNabb           0  1  1   1  0   0  0  2  0  2  0/0    21:15   0:08   0:48 
Chris Tierney            1  1  2   2  0   2  0  1  0  0  1/5    11:05   0:00   0:31 
Christian Dvorak         0  1  1   1  0   0  1  0  0  0  1/5     8:49   0:00   0:54 
Evgeny Kuznetsov         0  0  0   0  0   4  0  0  2  1  7/18   19:06   3:35   0:00 
Frank Vatrano            0  0  0   0  0   1  2  0  0  0  0/0    19:30   4:21   0:00 
Jack Eichel              0  0  0  -1  0   4  2  0  0  1  16/31  20:38   4:21   0:34 
Jakob Silfverberg        0  0  0   0  0   6  1  1  0  0  0/1    20:04   3:35   0:57 
Jordan Greenway          0  0  0   1  0   2  1  0  0  0  0/0     8:52   0:00   0:08 
Kris Letang              1  1  2   1  0   5  0  1  0  1  0/0    21:22   4:58   0:00 
Lawson Crouse            0  0  0   2  2   0  4  1  1  1  0/0    15:18   4:21   0:00 
Marc Staal               0  0  0   1  0   2  3  0  0  0  0/0    17:26   0:00   1:11 
Michal Kempny            0  0  0   0  0   0  0  1  0  2  0/0    16:54   2:50   0:48 
Ryan Suter               0  0  0   1  0   0  2  2  1  0  0/0    25:15   4:58   1:11 
Samuel Girard            0  0  0   0  0   1  0  0  0  0  0/0    17:48   2:58   0:00 
T.J. Oshie               0  0  0  -1  0   3  0  1  1  0  1/1    19:28   3:35   0:00 
William Nylander         0  1  1   1  0   2  1  0  0  0  0/0    10:06   0:00   0:00 

Players Stats for Blackhawks

Player Name              G  A  P  +/- PIM S  H  SB GA TA FO     MP     PP MP  PK MP  
------------------------------------------------------------------------------------
Alex Steen               0  0  0  -1  0   1  0  2  1  0  0/0    14:56   0:09   4:05 
Andrew Shaw              0  0  0   0  0   2  0  0  1  0  7/11   11:06   0:50   4:05 
Brandon Davidson         0  0  0   1  0   0  1  0  0  1  0/0    20:27   0:00   3:09 
Brett Connolly           0  0  0   0  0   1  2  1  0  0  2/2    15:28   0:09   1:25 
Brock McGinn             0  0  0   0  0   0  0  0  1  0  0/0     8:39   0:00   2:26 
Cam Atkinson             0  0  0  -1  0   2  3  0  0  0  1/1    20:26   1:00   0:00 
Carl Hagelin             0  0  0   0  0   1  0  0  0  1  0/0     6:11   0:00   0:00 
Carson Soucy             0  0  0   0  2   2  1  1  0  0  0/0    11:29   0:00   0:00 
Derek Forbort            0  0  0  -3  2   1  0  2  1  1  0/0    25:59   0:45   3:28 
Eric Staal               1  0  1  -1  2   3  1  0  1  0  17/28  20:27   1:00   0:00 
Gavin Bayreuther         0  0  0   1  2   0  0  1  0  1  0/0    19:55   0:45   2:16 
Markus Nutivaara         0  0  0   0  0   0  0  1  0  0  0/0    15:03   1:14   2:12 
Mikael Backlund          0  0  0   0  0   5  2  2  0  0  6/9    14:34   0:50   0:00 
Niklas Hjalmarsson       0  0  0  -3  0   2  3  2  1  1  0/0    27:04   1:14   4:47 
Tyler Bertuzzi           0  0  0   0  0   5  1  0  0  0  0/0    14:23   0:29   0:00 
Vladislav Namestnikov    0  0  0  -1  0   2  0  0  1  0  0/0    13:00   0:00   2:26 
Yanni Gourde             0  0  0  -1  0   0  0  1  0  0  3/9    12:27   0:30   1:25 
Zach Parise              0  1  1  -1  0   5  3  1  2  0  0/3    20:26   1:00   0:00 

3 Stars

1 - Anton Khudobin (MIW)
2 - Chris Tierney (MIW)
3 - Kris Letang (MIW)

Power Play

Wild - 0 on 4 Attempt(s) - 0,00%
Blackhawks - 0 on 1 Attempt(s) - 0,00%

Penalty Kill

Wild - 1 on 1 Attempt(s) - 100,00% - Score 0 goal in Penalty Kill
Blackhawks - 4 on 4 Attempt(s) - 100,00% - Score 0 goal in Penalty Kill

Team Stat

Wild - Hits : 20 - Faceoff Wins : 27 - Blocked Shots : 11 - Penalty Minutes : 2
Blackhawks - Hits : 17 - Faceoff Wins : 36 - Blocked Shots : 14 - Penalty Minutes : 8

Official

Referees : Tom Chmielewski and Steve Kozari
Linesman : Ryan Galloway and Michel Cormier

Game Notes

Chris Tierney has scored in a empty net!

Finance

Level 1 -- Attendance: 5132 (85,53%) -- Ticket Income 513 200 $
Level 2 -- Attendance: 4947 (98,94%) -- Ticket Income 296 820 $
Level 3 -- Attendance: 1934 (96,70%) -- Ticket Income 67 690 $
Level 4 -- Attendance: 3641 (91,03%) -- Ticket Income 72 820 $
Luxury Box -- Attendance: 802 (80,20%) -- Ticket Income 160 400 $
Game was played at the United Center.
Total Attendance: 16456 (91,42%)
Total Ticket Income: 1 110 930 $
Other Income: 544 356 $
Total Income: 1 655 286 $

Wild

5 vs 5 Forward 
   Center                   Left Wing                Right Wing               Time % Phy DF OF 
 1 Jack Eichel              Brad Marchand            T.J. Oshie               35     0   2  3  
 2 Evgeny Kuznetsov         Frank Vatrano            Jakob Silfverberg        35     0   2  3  
 3 Chris Tierney            Lawson Crouse            William Nylander         20     0   2  3  
 4 Christian Dvorak         Jordan Greenway          Adrian Kempe             10     2   2  1  

5 vs 5 Defense 
   Defense                  Defense                                           Time % Phy DF OF 
 1 Kris Letang              Marc Staal                                        37     1   2  2  
 2 Brayden McNabb           Ryan Suter                                        37     1   2  2  
 3 Samuel Girard            Michal Kempny                                     26     1   2  2  
 4 Ryan Suter               Kris Letang                                       0      1   2  2  

PowerPlay Forward 
   Center                   Left Wing                Right Wing               Time % Phy DF OF 
 1 Jack Eichel              Lawson Crouse            Frank Vatrano            60     0   1  4  
 2 Evgeny Kuznetsov         T.J. Oshie               Jakob Silfverberg        40     0   1  4  

PowerPlay Defense
   Defense                  Defense                                           Time % Phy DF OF 
 1 Ryan Suter               Kris Letang                                       60     0   1  4  
 2 Samuel Girard            Michal Kempny                                     40     0   1  4  

Penalty Kill 4 Players Forward 
   Center                   Wing                     Time % Phy DF OF 
 1 Chris Tierney            Jakob Silfverberg        55     1   4  0  
 2 Christian Dvorak         Lawson Crouse            45     1   4  0  

Penalty Kill 4 Players Defense
   Defense                  Defense                  Time % Phy DF OF 
 1 Ryan Suter               Marc Staal               55     1   4  0  
 2 Brayden McNabb           Michal Kempny            45     1   4  0  

Penalty Kill - 3 Players Forward 
   Forward                                           Time % Phy DF OF 
 1 Chris Tierney                                     60     0   5  0  
 2 Lawson Crouse                                     40     0   5  0  

Penalty Kill - 3 Players Defense
   Defense                  Defense                  Time % Phy DF OF 
 1 Ryan Suter               Michal Kempny            60     0   5  0  
 2 Brayden McNabb           Marc Staal               40     1   2  2  

4 vs 4 Forward 
   Center                   Wing                     Time % Phy DF OF 
 1 Jack Eichel              Lawson Crouse            60     1   2  2  
 2 Evgeny Kuznetsov         T.J. Oshie               40     1   2  2  

4 vs 4 Defense
   Defense                  Defense                  Time % Phy DF OF 
 1 Ryan Suter               Michal Kempny            60     1   2  2  
 2 Brayden McNabb           Kris Letang              40     1   2  2  

Last Minutes Offensive
   Center                   Left Wing                Right Wing               Defense                  Defense                  
   Jack Eichel              Brad Marchand            Evgeny Kuznetsov         Ryan Suter               Kris Letang              

Last Minutes Defensive
   Center                   Left Wing                Right Wing               Defense                  Defense                  
   Chris Tierney            Lawson Crouse            Jack Eichel              Brayden McNabb           Ryan Suter               

Goaltenders
Starting : Anton Khudobin           
Backup : Linus Ullmark            

Extra Forwards
Normal : Jordan Greenway, Frank Vatrano, Lawson Crouse - PP : Jordan Greenway, Frank Vatrano - PK : Lawson Crouse
Extra Defensemen
Normal : Samuel Girard, Kris Letang, Brayden McNabb - PP : Samuel Girard - PK : Michal Kempny, Brayden McNabb
Penalty Shots
Jack Eichel, Chris Tierney, Evgeny Kuznetsov, T.J. Oshie, Jakob Silfverberg
Custom OT Lines Forwards
Jack Eichel, Jordan Greenway, Evgeny Kuznetsov, T.J. Oshie, Jakob Silfverberg, Chris Tierney, Frank Vatrano, Lawson Crouse, Adrian Kempe, William Nylander
Custom OT Lines Defensemen
Ryan Suter, Kris Letang, Brayden McNabb, Michal Kempny, Samuel Girard

Scratches
Mario Ferraro (Healthy), Anton Lindholm (Healthy)

Blackhawks

5 vs 5 Forward 
   Center                   Left Wing                Right Wing               Time % Phy DF OF 
 1 Eric Staal               Zach Parise              Cam Atkinson             40     0   1  4  
 2 Mikael Backlund          Tyler Bertuzzi           Brett Connolly           30     0   2  3  
 3 Yanni Gourde             Vladislav Namestnikov    Alex Steen               20     0   2  3  
 4 Andrew Shaw              Brock McGinn             Carl Hagelin             10     1   3  1  

5 vs 5 Defense 
   Defense                  Defense                                           Time % Phy DF OF 
 1 Derek Forbort            Niklas Hjalmarsson                                40     1   3  1  
 2 Brandon Davidson         Gavin Bayreuther                                  30     1   2  1  
 3 Carson Soucy             Markus Nutivaara                                  20     1   3  1  
 4 Derek Forbort            Niklas Hjalmarsson                                10     1   2  2  

PowerPlay Forward 
   Center                   Left Wing                Right Wing               Time % Phy DF OF 
 1 Eric Staal               Zach Parise              Cam Atkinson             60     0   0  5  
 2 Mikael Backlund          Yanni Gourde             Andrew Shaw              40     0   1  4  

PowerPlay Defense
   Defense                  Defense                                           Time % Phy DF OF 
 1 Markus Nutivaara         Niklas Hjalmarsson                                60     0   1  4  
 2 Derek Forbort            Gavin Bayreuther                                  40     1   2  2  

Penalty Kill 4 Players Forward 
   Center                   Wing                     Time % Phy DF OF 
 1 Andrew Shaw              Alex Steen               60     1   4  0  
 2 Vladislav Namestnikov    Brock McGinn             40     1   4  0  

Penalty Kill 4 Players Defense
   Defense                  Defense                  Time % Phy DF OF 
 1 Derek Forbort            Niklas Hjalmarsson       60     1   4  0  
 2 Brandon Davidson         Gavin Bayreuther         40     1   4  0  

Penalty Kill - 3 Players Forward 
   Forward                                           Time % Phy DF OF 
 1 Alex Steen                                        60     0   5  0  
 2 Andrew Shaw                                       40     0   5  0  

Penalty Kill - 3 Players Defense
   Defense                  Defense                  Time % Phy DF OF 
 1 Derek Forbort            Niklas Hjalmarsson       60     1   4  0  
 2 Brandon Davidson         Gavin Bayreuther         40     1   4  0  

4 vs 4 Forward 
   Center                   Wing                     Time % Phy DF OF 
 1 Zach Parise              Eric Staal               60     0   2  3  
 2 Cam Atkinson             Mikael Backlund          40     0   2  3  

4 vs 4 Defense
   Defense                  Defense                  Time % Phy DF OF 
 1 Markus Nutivaara         Niklas Hjalmarsson       60     1   2  2  
 2 Brandon Davidson         Gavin Bayreuther         40     1   2  2  

Last Minutes Offensive
   Center                   Left Wing                Right Wing               Defense                  Defense                  
   Eric Staal               Zach Parise              Cam Atkinson             Markus Nutivaara         Niklas Hjalmarsson       

Last Minutes Defensive
   Center                   Left Wing                Right Wing               Defense                  Defense                  
   Eric Staal               Zach Parise              Cam Atkinson             Derek Forbort            Niklas Hjalmarsson       

Goaltenders
Starting : Frederik Andersen        
Backup : David Rittich            

Extra Forwards
Normal : Zach Parise, Cam Atkinson, Tyler Bertuzzi - PP : Tyler Bertuzzi, Brett Connolly - PK : Yanni Gourde
Extra Defensemen
Normal : Brandon Davidson, Markus Nutivaara, Derek Forbort - PP : Brandon Davidson - PK : Markus Nutivaara, Derek Forbort
Penalty Shots
Zach Parise, Eric Staal, Cam Atkinson, Mikael Backlund, Alex Steen
Custom OT Lines Forwards
Zach Parise, Eric Staal, Cam Atkinson, Mikael Backlund, Alex Steen, Andrew Shaw, Yanni Gourde, Vladislav Namestnikov, Brett Connolly, Tyler Bertuzzi
Custom OT Lines Defensemen
Derek Forbort, Niklas Hjalmarsson, Gavin Bayreuther, Markus Nutivaara, Brandon Davidson

Scratches
Luke Kunin (Healthy), Andy Greene (Healthy), Peter Holland (Healthy)

% Time on Ice - Wild

Lines # - Real PCT - Wanted PCT - Time Play
Normal Forward
1 - 32% - 35% - 15:40
2 - 32% - 35% - 15:56
3 - 20% - 20% - 9:51
4 - 16% - 10% - 7:55
Normal Defense
1 - 37% - 37% - 18:23
2 - 37% - 37% - 18:16
3 - 26% - 26% - 12:41
4 - 0% - 0% - 0:02
PP Forward
1 - 55% - 60% - 4:21
2 - 45% - 40% - 3:35
PP Defense
1 - 64% - 60% - 5:06
2 - 36% - 40% - 2:50
PK Forward
1 - 48% - 55% - 0:57
2 - 52% - 45% - 1:02
PK Defense
1 - 60% - 55% - 1:11
2 - 40% - 45% - 0:48
PK3 Forward
1 - 0% - 60%
2 - 0% - 40%
PK3 Defense
1 - 0% - 60%
2 - 0% - 40%
44 Forward
1 - 0% - 60%
2 - 0% - 40%
44 Defense
1 - 0% - 60%
2 - 0% - 40%
Last Minute Offensive  - 0:00
Last Minute Defensive  - 0:43
Total
Forward - 60:00
Defense - 60:00

% Time on Ice - Blackhawks

Lines # - Real PCT - Wanted PCT - Time Play
Normal Forward
1 - 38% - 40% - 18:48
2 - 28% - 30% - 13:46
3 - 21% - 20% - 10:32
4 - 13% - 10% - 6:11
Normal Defense
1 - 38% - 40% - 18:57
2 - 35% - 30% - 17:02
3 - 23% - 20% - 11:30
4 - 4% - 10% - 1:48
PP Forward
1 - 58% - 60% - 1:09
2 - 42% - 40% - 0:50
PP Defense
1 - 62% - 60% - 1:14
2 - 38% - 40% - 0:45
PK Forward
1 - 69% - 60% - 5:30
2 - 31% - 40% - 2:26
PK Defense
1 - 60% - 60% - 4:47
2 - 40% - 40% - 3:09
PK3 Forward
1 - 0% - 60%
2 - 0% - 40%
PK3 Defense
1 - 0% - 60%
2 - 0% - 40%
44 Forward
1 - 0% - 60%
2 - 0% - 40%
44 Defense
1 - 0% - 60%
2 - 0% - 40%
Last Minute Offensive  - 0:48
Last Minute Defensive  - 0:00
Total
Forward - 60:00
Defense - 60:00

Play-by-Play

1st period


0:01 of 1st period - Jack Eichel wins face-off versus Eric Staal in neutral zone.
0:08 of 1st period - Snap shot by T.J. Oshie.
0:08 of 1st period - Stopped by Frederik Andersen with a rebound.
0:20 of 1st period - Icing by Marc Staal.
0:21 of 1st period - Brett Connolly wins face-off versus Jack Eichel in Wild zone.
1:04 of 1st period - Icing by Brandon Davidson.
1:05 of 1st period - Eric Staal wins face-off versus Chris Tierney in Blackhawks zone.
1:40 of 1st period - Wrist shot by Carl Hagelin.
1:40 of 1st period - Shot Misses the Net.
2:34 of 1st period - Alex Steen is hit by Jack Eichel and loses puck.
3:04 of 1st period - Snap shot by Evgeny Kuznetsov.
3:04 of 1st period - Stopped by Frederik Andersen with a rebound.
3:06 of 1st period - Slapshot by Kris Letang.
3:06 of 1st period - Shot Blocked by Niklas Hjalmarsson.
3:08 of 1st period - Snap shot by Marc Staal.
3:08 of 1st period - Shot Blocked by Zach Parise.
3:44 of 1st period - Derek Forbort is hit by Lawson Crouse and loses puck.
3:51 of 1st period - Snap shot by William Nylander.
3:51 of 1st period - Shot Misses the Net.
3:53 of 1st period - Wrist shot by Lawson Crouse.
3:53 of 1st period - Shot Blocked by Niklas Hjalmarsson.
4:17 of 1st period - Niklas Hjalmarsson is hit by Marc Staal and loses puck.
4:34 of 1st period - Slapshot by Mikael Backlund.
4:34 of 1st period - Stopped by Anton Khudobin without a rebound.
4:35 of 1st period - Evgeny Kuznetsov wins face-off versus Andrew Shaw in Wild zone.
5:02 of 1st period - Brandon Davidson is hit by Lawson Crouse and loses puck.
5:07 of 1st period - Wrist shot by William Nylander.
5:07 of 1st period - Shot Misses the Net.
5:37 of 1st period - Slapshot by Christian Dvorak.
5:37 of 1st period - Shot Misses the Net.
5:53 of 1st period - Michal Kempny is hit by Carson Soucy and loses puck.
6:40 of 1st period - Snap shot by Tyler Bertuzzi.
6:40 of 1st period - Shot Blocked by T.J. Oshie.
7:02 of 1st period - Snap shot by Evgeny Kuznetsov.
7:02 of 1st period - Shot Misses the Net.
7:18 of 1st period - Wrist shot by Adrian Kempe.
7:18 of 1st period - Goal by Adrian Kempe - Wild : 1 - Blackhawks : 0.
7:19 of 1st period - Mikael Backlund wins face-off versus Evgeny Kuznetsov in neutral zone.
8:02 of 1st period - Icing by Zach Parise.
8:03 of 1st period - Eric Staal wins face-off versus Christian Dvorak in Blackhawks zone.
8:03 of 1st period - Eric Staal is hit by Jordan Greenway.
8:13 of 1st period - Slapshot by Kris Letang.
8:13 of 1st period - Stopped by Frederik Andersen without a rebound.
8:14 of 1st period - Evgeny Kuznetsov wins face-off versus Mikael Backlund in Blackhawks zone.
8:31 of 1st period - Wrist shot by Tyler Bertuzzi.
8:31 of 1st period - Stopped by Anton Khudobin with a rebound.
8:41 of 1st period - Snap shot by Mikael Backlund.
8:41 of 1st period - Stopped by Anton Khudobin without a rebound.
8:42 of 1st period - Jack Eichel wins face-off versus Eric Staal in Wild zone.
8:42 of 1st period - Jack Eichel is hit by Eric Staal.
8:56 of 1st period - Snap shot by Cam Atkinson.
8:56 of 1st period - Stopped by Anton Khudobin with a rebound.
9:46 of 1st period - Wrist shot by Mikael Backlund.
9:46 of 1st period - Stopped by Anton Khudobin without a rebound.
9:47 of 1st period - Eric Staal wins face-off versus Jack Eichel in Wild zone.
9:58 of 1st period - Snap shot by Eric Staal.
9:58 of 1st period - Goal by Eric Staal - Wild : 1 - Blackhawks : 1.
9:59 of 1st period - Eric Staal wins face-off versus Evgeny Kuznetsov in neutral zone.
10:08 of 1st period - Slapshot by Zach Parise.
10:08 of 1st period - Shot Misses the Net.
10:10 of 1st period - Snap shot by Eric Staal.
10:10 of 1st period - Shot Misses the Net.
10:12 of 1st period - Slapshot by Derek Forbort.
10:12 of 1st period - Shot Misses the Net.
10:14 of 1st period - Snap shot by Niklas Hjalmarsson.
10:14 of 1st period - Stopped by Anton Khudobin without a rebound.
10:15 of 1st period - Andrew Shaw wins face-off versus Jack Eichel in Wild zone.
11:08 of 1st period - Slapshot by Kris Letang.
11:08 of 1st period - Stopped by Frederik Andersen with a rebound.
11:14 of 1st period - Snap shot by Mikael Backlund.
11:14 of 1st period - Shot Blocked by Chris Tierney.
11:44 of 1st period - Wrist shot by Adrian Kempe.
11:44 of 1st period - Shot Misses the Net.
11:53 of 1st period - Off-side.
11:54 of 1st period - Eric Staal wins face-off versus Evgeny Kuznetsov in neutral zone.
12:05 of 1st period - Snap shot by Zach Parise.
12:05 of 1st period - Stopped by Anton Khudobin without a rebound.
12:06 of 1st period - T.J. Oshie wins face-off versus Eric Staal in Wild zone.
12:29 of 1st period - Icing by Ryan Suter.
12:30 of 1st period - Mikael Backlund wins face-off versus Evgeny Kuznetsov in Wild zone.
12:45 of 1st period - Slapshot by Mikael Backlund.
12:45 of 1st period - Shot Misses the Net.
12:57 of 1st period - Michal Kempny is hit by Zach Parise and loses puck.
13:02 of 1st period - Snap shot by Cam Atkinson.
13:02 of 1st period - Shot Misses the Net.
13:46 of 1st period - Snap shot by Tyler Bertuzzi.
13:46 of 1st period - Stopped by Anton Khudobin with a rebound.
13:50 of 1st period - Snap shot by Mikael Backlund.
13:50 of 1st period - Shot Misses the Net.
14:02 of 1st period - Derek Forbort is hit by Marc Staal and loses puck.
15:29 of 1st period - Snap shot by Eric Staal.
15:29 of 1st period - Shot Misses the Net.
16:19 of 1st period - Snap shot by Christian Dvorak.
16:19 of 1st period - Shot Misses the Net.
16:21 of 1st period - Snap shot by Jordan Greenway.
16:21 of 1st period - Shot Misses the Net.
16:23 of 1st period - Snap shot by Adrian Kempe.
16:23 of 1st period - Deflect By Jordan Greenway.
16:23 of 1st period - Stopped by Frederik Andersen without a rebound.
16:24 of 1st period - Eric Staal wins face-off versus Christian Dvorak in Blackhawks zone.
16:26 of 1st period - Minor Penalty to Carson Soucy for Hooking.
16:27 of 1st period - Jack Eichel wins face-off versus Andrew Shaw in Blackhawks zone.
16:41 of 1st period - Wrist shot by Frank Vatrano.
16:41 of 1st period - Shot Misses the Net.
16:43 of 1st period - Snap shot by Jack Eichel.
16:43 of 1st period - Shot Misses the Net.
18:16 of 1st period - Evgeny Kuznetsov is hit by Brett Connolly and loses puck.
18:26 of 1st period - Penalty to Carson Soucy is over, Carson Soucy is back on ice.
18:33 of 1st period - Slapshot by Eric Staal.
18:33 of 1st period - Stopped by Anton Khudobin with a rebound.
19:14 of 1st period - Icing by Jordan Greenway.
19:15 of 1st period - Cam Atkinson wins face-off versus Christian Dvorak in Wild zone.
19:56 of 1st period - Samuel Girard is hit by Tyler Bertuzzi and loses puck.
Goals for this period are 1 for Wild vs 1 for Blackhawks.
Shots for this period are 6 for Wild vs 10 for Blackhawks.

2nd period


0:01 of 2nd period - Eric Staal wins face-off versus Evgeny Kuznetsov in neutral zone.
0:05 of 2nd period - Off-side.
0:06 of 2nd period - Eric Staal wins face-off versus Jakob Silfverberg in neutral zone.
0:11 of 2nd period - Slapshot by Zach Parise.
0:11 of 2nd period - Deflect By Ryan Suter.
0:11 of 2nd period - Shot Blocked by Ryan Suter.
0:11 of 2nd period - Puck is out of play.
0:12 of 2nd period - Eric Staal wins face-off versus Evgeny Kuznetsov in Wild zone.
0:33 of 2nd period - Minor Penalty to Derek Forbort for Roughing.
0:34 of 2nd period - Andrew Shaw wins face-off versus Jack Eichel in Blackhawks zone.
0:45 of 2nd period - Snap shot by Kris Letang.
0:45 of 2nd period - Stopped by Frederik Andersen without a rebound.
0:46 of 2nd period - Andrew Shaw wins face-off versus Jack Eichel in Blackhawks zone.
2:17 of 2nd period - Markus Nutivaara is hit by Ryan Suter and loses puck.
2:33 of 2nd period - Penalty to Derek Forbort is over, Derek Forbort is back on ice.
2:51 of 2nd period - Christian Dvorak is hit by Zach Parise and loses puck.
3:02 of 2nd period - Slapshot by Mikael Backlund.
3:02 of 2nd period - Stopped by Anton Khudobin without a rebound.
3:03 of 2nd period - Brett Connolly wins face-off versus Chris Tierney in Wild zone.
3:06 of 2nd period - Wrist shot by Tyler Bertuzzi.
3:06 of 2nd period - Shot Blocked by Michal Kempny.
3:08 of 2nd period - Slapshot by Derek Forbort.
3:08 of 2nd period - Stopped by Anton Khudobin with a rebound.
3:10 of 2nd period - Snap shot by Brett Connolly.
3:10 of 2nd period - Stopped by Anton Khudobin with a rebound.
3:12 of 2nd period - Wrist shot by Mikael Backlund.
3:12 of 2nd period - Stopped by Anton Khudobin without a rebound.
3:13 of 2nd period - Jack Eichel wins face-off versus Eric Staal in Wild zone.
3:13 of 2nd period - Jack Eichel is hit by Cam Atkinson.
3:29 of 2nd period - Slapshot by Brad Marchand.
3:29 of 2nd period - Stopped by Frederik Andersen with a rebound.
3:43 of 2nd period - Wrist shot by Evgeny Kuznetsov.
3:43 of 2nd period - Stopped by Frederik Andersen with a rebound.
3:52 of 2nd period - Wrist shot by Mikael Backlund.
3:52 of 2nd period - Shot Misses the Net.
4:20 of 2nd period - Wrist shot by Andrew Shaw.
4:20 of 2nd period - Stopped by Anton Khudobin with a rebound.
4:22 of 2nd period - Wrist shot by Carl Hagelin.
4:22 of 2nd period - Stopped by Anton Khudobin without a rebound.
4:23 of 2nd period - Christian Dvorak wins face-off versus Andrew Shaw in Wild zone.
4:28 of 2nd period - Brock McGinn is hit by Christian Dvorak.
4:48 of 2nd period - T.J. Oshie is hit by Zach Parise and loses puck.
5:15 of 2nd period - Brandon Davidson is hit by Frank Vatrano and loses puck.
5:22 of 2nd period - Snap shot by Jakob Silfverberg.
5:22 of 2nd period - Stopped by Frederik Andersen with a rebound.
5:30 of 2nd period - Brayden McNabb is hit by Brett Connolly and loses puck.
5:39 of 2nd period - Wrist shot by Brett Connolly.
5:39 of 2nd period - Shot Misses the Net.
5:57 of 2nd period - Wrist shot by Tyler Bertuzzi.
5:57 of 2nd period - Stopped by Anton Khudobin with a rebound.
5:59 of 2nd period - Snap shot by Brandon Davidson.
5:59 of 2nd period - Shot Blocked by Brayden McNabb.
6:01 of 2nd period - Snap shot by Brett Connolly.
6:01 of 2nd period - Deflect By Mikael Backlund.
6:01 of 2nd period - Shot Misses the Net.
6:01 of 2nd period - Puck is out of play.
6:02 of 2nd period - Jack Eichel wins face-off versus Eric Staal in Wild zone.
6:06 of 2nd period - Off-side.
6:07 of 2nd period - Jack Eichel wins face-off versus Eric Staal in neutral zone.
6:36 of 2nd period - Snap shot by William Nylander.
6:36 of 2nd period - Stopped by Frederik Andersen with a rebound.
6:38 of 2nd period - Slapshot by Kris Letang.
6:38 of 2nd period - Goal by Kris Letang - Wild : 2 - Blackhawks : 1.
6:39 of 2nd period - Eric Staal wins face-off versus Jack Eichel in neutral zone.
6:42 of 2nd period - Brad Marchand is hit by Cam Atkinson and loses puck.
7:13 of 2nd period - Wrist shot by Vladislav Namestnikov.
7:13 of 2nd period - Stopped by Anton Khudobin with a rebound.
7:34 of 2nd period - Wrist shot by Jakob Silfverberg.
7:34 of 2nd period - Stopped by Frederik Andersen with a rebound.
7:36 of 2nd period - Slapshot by Samuel Girard.
7:36 of 2nd period - Shot Blocked by Gavin Bayreuther.
7:38 of 2nd period - Snap shot by Frank Vatrano.
7:38 of 2nd period - Stopped by Frederik Andersen with a rebound.
7:44 of 2nd period - Minor Penalty to Gavin Bayreuther for Cross-checking.
7:45 of 2nd period - Jack Eichel wins face-off versus Andrew Shaw in Blackhawks zone.
7:54 of 2nd period - Slapshot by Kris Letang.
7:54 of 2nd period - Shot Misses the Net.
7:56 of 2nd period - Snap shot by Jack Eichel.
7:56 of 2nd period - Shot Misses the Net.
7:58 of 2nd period - Snap shot by Kris Letang.
7:58 of 2nd period - Shot Blocked by Alex Steen.
9:31 of 2nd period - Frank Vatrano is hit by Niklas Hjalmarsson and loses puck.
9:44 of 2nd period - Penalty to Gavin Bayreuther is over, Gavin Bayreuther is back on ice.
9:56 of 2nd period - Adrian Kempe is hit by Brandon Davidson and loses puck.
10:03 of 2nd period - Brayden McNabb is hit by Mikael Backlund and loses puck.
10:21 of 2nd period - Snap shot by Zach Parise.
10:21 of 2nd period - Stopped by Anton Khudobin without a rebound.
10:22 of 2nd period - Eric Staal wins face-off versus Jack Eichel in Wild zone.
10:25 of 2nd period - Snap shot by Cam Atkinson.
10:25 of 2nd period - Stopped by Anton Khudobin with a rebound.
10:27 of 2nd period - Wrist shot by Zach Parise.
10:27 of 2nd period - Deflect By Eric Staal.
10:27 of 2nd period - Shot Misses the Net.
10:27 of 2nd period - Puck is out of play.
10:28 of 2nd period - Jack Eichel wins face-off versus Eric Staal in Wild zone.
11:19 of 2nd period - Slapshot by Zach Parise.
11:19 of 2nd period - Stopped by Anton Khudobin without a rebound.
11:20 of 2nd period - Jack Eichel wins face-off versus Yanni Gourde in Wild zone.
12:19 of 2nd period - Icing by Chris Tierney.
12:20 of 2nd period - Eric Staal wins face-off versus Chris Tierney in Wild zone.
12:43 of 2nd period - Backhand shot by Kris Letang.
12:43 of 2nd period - Shot Blocked by Mikael Backlund.
12:57 of 2nd period - Wrist shot by William Nylander.
12:57 of 2nd period - Stopped by Frederik Andersen with a rebound.
13:03 of 2nd period - Slapshot by Kris Letang.
13:03 of 2nd period - Shot Blocked by Brett Connolly.
13:05 of 2nd period - Snap shot by Marc Staal.
13:05 of 2nd period - Stopped by Frederik Andersen without a rebound.
13:06 of 2nd period - Eric Staal wins face-off versus Jack Eichel in Blackhawks zone.
13:38 of 2nd period - Off-side.
13:39 of 2nd period - Yanni Gourde wins face-off versus Evgeny Kuznetsov in neutral zone.
13:44 of 2nd period - Slapshot by Yanni Gourde.
13:44 of 2nd period - Deflect By Alex Steen.
13:44 of 2nd period - Stopped by Anton Khudobin without a rebound.
13:45 of 2nd period - Evgeny Kuznetsov wins face-off versus Eric Staal in Wild zone.
13:52 of 2nd period - Wrist shot by Evgeny Kuznetsov.
13:52 of 2nd period - Stopped by Frederik Andersen with a rebound.
14:12 of 2nd period - Snap shot by Mikael Backlund.
14:12 of 2nd period - Shot Misses the Net.
14:14 of 2nd period - Snap shot by Mikael Backlund.
14:14 of 2nd period - Shot Misses the Net.
14:16 of 2nd period - Snap shot by Tyler Bertuzzi.
14:16 of 2nd period - Stopped by Anton Khudobin with a rebound.
14:18 of 2nd period - Snap shot by Brett Connolly.
14:18 of 2nd period - Deflect By Tyler Bertuzzi.
14:18 of 2nd period - Stopped by Anton Khudobin with a rebound.
14:20 of 2nd period - Slapshot by Mikael Backlund.
14:20 of 2nd period - Shot Misses the Net.
14:35 of 2nd period - Off-side.
14:36 of 2nd period - Chris Tierney wins face-off versus Yanni Gourde in neutral zone.
14:39 of 2nd period - Alex Steen is hit by Marc Staal and loses puck.
15:16 of 2nd period - Alex Steen is hit by Lawson Crouse and loses puck.
15:41 of 2nd period - Minor Penalty to Lawson Crouse for Unsportsmanlike conduct.
15:42 of 2nd period - Jack Eichel wins face-off versus Eric Staal in Wild zone.
15:54 of 2nd period - Jakob Silfverberg is hit by Niklas Hjalmarsson and loses puck.
17:03 of 2nd period - Snap shot by Michal Kempny.
17:03 of 2nd period - Shot Blocked by Yanni Gourde.
17:41 of 2nd period - Penalty to Lawson Crouse is over, Lawson Crouse is back on ice.
17:54 of 2nd period - Icing by Ryan Suter.
17:55 of 2nd period - Andrew Shaw wins face-off versus Evgeny Kuznetsov in Wild zone.
18:48 of 2nd period - Eric Staal is hit by Adrian Kempe and loses puck.
19:15 of 2nd period - Yanni Gourde is hit by Jack Eichel and loses puck.
19:41 of 2nd period - Off-side.
19:42 of 2nd period - Mikael Backlund wins face-off versus Chris Tierney in neutral zone.
Goals for this period are 1 for Wild vs 0 for Blackhawks.
Shots for this period are 11 for Wild vs 14 for Blackhawks.

3rd period


0:01 of 3rd period - Jack Eichel wins face-off versus Eric Staal in neutral zone.
0:04 of 3rd period - Eric Staal is hit by Ryan Suter and loses puck.
0:31 of 3rd period - Wrist shot by Kris Letang.
0:31 of 3rd period - Stopped by Frederik Andersen without a rebound.
0:32 of 3rd period - Yanni Gourde wins face-off versus Evgeny Kuznetsov in Blackhawks zone.
0:41 of 3rd period - Wrist shot by Evgeny Kuznetsov.
0:41 of 3rd period - Stopped by Frederik Andersen without a rebound.
0:42 of 3rd period - Eric Staal wins face-off versus Jack Eichel in Blackhawks zone.
0:51 of 3rd period - Slapshot by Jack Eichel.
0:51 of 3rd period - Stopped by Frederik Andersen with a rebound.
0:53 of 3rd period - Wrist shot by Brad Marchand.
0:53 of 3rd period - Shot Blocked by Markus Nutivaara.
0:55 of 3rd period - Wrist shot by Brayden McNabb.
0:55 of 3rd period - Shot Hit the Post.
1:17 of 3rd period - Slapshot by Tyler Bertuzzi.
1:17 of 3rd period - Shot Blocked by Brayden McNabb.
1:19 of 3rd period - Snap shot by Brett Connolly.
1:19 of 3rd period - Deflect By Jakob Silfverberg.
1:19 of 3rd period - Shot Misses the Net.
1:19 of 3rd period - Puck is out of play.
1:20 of 3rd period - Yanni Gourde wins face-off versus Jack Eichel in Wild zone.
1:25 of 3rd period - Snap shot by Vladislav Namestnikov.
1:25 of 3rd period - Stopped by Anton Khudobin without a rebound.
1:26 of 3rd period - Jack Eichel wins face-off versus Yanni Gourde in Wild zone.
1:32 of 3rd period - Off-side.
1:33 of 3rd period - Brad Marchand wins face-off versus Zach Parise in neutral zone.
1:56 of 3rd period - Icing by Brad Marchand.
1:57 of 3rd period - Evgeny Kuznetsov wins face-off versus Mikael Backlund in Wild zone.
1:57 of 3rd period - Evgeny Kuznetsov is hit by Mikael Backlund.
2:09 of 3rd period - Snap shot by Jakob Silfverberg.
2:09 of 3rd period - Shot Misses the Net.
2:23 of 3rd period - Brad Marchand is hit by Cam Atkinson and loses puck.
2:50 of 3rd period - Snap shot by Chris Tierney.
2:50 of 3rd period - Shot Misses the Net.
2:52 of 3rd period - Slapshot by Marc Staal.
2:52 of 3rd period - Stopped by Frederik Andersen with a rebound.
2:54 of 3rd period - Slapshot by Chris Tierney.
2:54 of 3rd period - Shot Misses the Net.
2:56 of 3rd period - Snap shot by Chris Tierney.
2:56 of 3rd period - Shot Blocked by Alex Steen.
3:50 of 3rd period - Slapshot by Jack Eichel.
3:50 of 3rd period - Stopped by Frederik Andersen with a rebound.
3:52 of 3rd period - Snap shot by Jack Eichel.
3:52 of 3rd period - Stopped by Frederik Andersen with a rebound.
3:54 of 3rd period - Backhand shot by T.J. Oshie.
3:54 of 3rd period - Shot Misses the Net.
3:56 of 3rd period - Snap shot by Jack Eichel.
3:56 of 3rd period - Shot Misses the Net.
3:58 of 3rd period - Wrist shot by Brad Marchand.
3:58 of 3rd period - Shot Misses the Net.
4:00 of 3rd period - Backhand shot by Samuel Girard.
4:00 of 3rd period - Deflect By Eric Staal.
4:00 of 3rd period - Stopped by Frederik Andersen with a rebound.
4:02 of 3rd period - Wrist shot by T.J. Oshie.
4:02 of 3rd period - Stopped by Frederik Andersen with a rebound.
4:14 of 3rd period - Wrist shot by Yanni Gourde.
4:14 of 3rd period - Shot Blocked by Lawson Crouse.
4:32 of 3rd period - Snap shot by Alex Steen.
4:32 of 3rd period - Shot Misses the Net.
5:19 of 3rd period - Wrist shot by Eric Staal.
5:19 of 3rd period - Shot Blocked by Jakob Silfverberg.
5:21 of 3rd period - Slapshot by Carson Soucy.
5:21 of 3rd period - Stopped by Anton Khudobin with a rebound.
5:23 of 3rd period - Slapshot by Zach Parise.
5:23 of 3rd period - Shot Misses the Net.
5:25 of 3rd period - Slapshot by Zach Parise.
5:25 of 3rd period - Stopped by Anton Khudobin with a rebound.
5:27 of 3rd period - Snap shot by Markus Nutivaara.
5:27 of 3rd period - Deflect By Eric Staal.
5:27 of 3rd period - Stopped by Anton Khudobin with a rebound.
5:29 of 3rd period - Slapshot by Carson Soucy.
5:29 of 3rd period - Stopped by Anton Khudobin without a rebound.
5:30 of 3rd period - Mikael Backlund wins face-off versus Jack Eichel in Wild zone.
5:44 of 3rd period - Off-side.
5:45 of 3rd period - Eric Staal wins face-off versus Evgeny Kuznetsov in neutral zone.
6:14 of 3rd period - Marc Staal is hit by Niklas Hjalmarsson.
6:44 of 3rd period - Wrist shot by Vladislav Namestnikov.
6:44 of 3rd period - Shot Misses the Net.
6:46 of 3rd period - Slapshot by Niklas Hjalmarsson.
6:46 of 3rd period - Stopped by Anton Khudobin without a rebound.
6:47 of 3rd period - Evgeny Kuznetsov wins face-off versus Zach Parise in Wild zone.
6:56 of 3rd period - Slapshot by Jakob Silfverberg.
6:56 of 3rd period - Stopped by Frederik Andersen without a rebound.
6:57 of 3rd period - Eric Staal wins face-off versus Evgeny Kuznetsov in Blackhawks zone.
7:34 of 3rd period - Snap shot by Frank Vatrano.
7:34 of 3rd period - Shot Blocked by Carson Soucy.
7:40 of 3rd period - Cam Atkinson is hit by Frank Vatrano and loses puck.
7:53 of 3rd period - Slapshot by Zach Parise.
7:53 of 3rd period - Stopped by Anton Khudobin without a rebound.
7:54 of 3rd period - Jack Eichel wins face-off versus Mikael Backlund in Wild zone.
8:03 of 3rd period - Snap shot by Brad Marchand.
8:03 of 3rd period - Stopped by Frederik Andersen with a rebound.
8:08 of 3rd period - Off-side.
8:09 of 3rd period - Jack Eichel wins face-off versus Yanni Gourde in neutral zone.
8:14 of 3rd period - Snap shot by Jack Eichel.
8:14 of 3rd period - Stopped by Frederik Andersen without a rebound.
8:15 of 3rd period - Jack Eichel wins face-off versus Yanni Gourde in Blackhawks zone.
8:18 of 3rd period - Snap shot by Jack Eichel.
8:18 of 3rd period - Shot Blocked by Derek Forbort.
8:20 of 3rd period - Slapshot by Marc Staal.
8:20 of 3rd period - Shot Misses the Net.
8:22 of 3rd period - Wrist shot by Brad Marchand.
8:22 of 3rd period - Shot Misses the Net.
8:24 of 3rd period - Slapshot by Kris Letang.
8:24 of 3rd period - Shot Misses the Net.
8:26 of 3rd period - Wrist shot by Marc Staal.
8:26 of 3rd period - Shot Misses the Net.
9:08 of 3rd period - Slapshot by Adrian Kempe.
9:08 of 3rd period - Deflect By Zach Parise.
9:08 of 3rd period - Shot Misses the Net.
9:08 of 3rd period - Puck is out of play.
9:09 of 3rd period - Mikael Backlund wins face-off versus Christian Dvorak in Blackhawks zone.
9:18 of 3rd period - Snap shot by Christian Dvorak.
9:18 of 3rd period - Shot Blocked by Mikael Backlund.
10:18 of 3rd period - Snap shot by Brett Connolly.
10:18 of 3rd period - Deflect By Tyler Bertuzzi.
10:18 of 3rd period - Shot Misses the Net.
10:18 of 3rd period - Puck is out of play.
10:19 of 3rd period - Mikael Backlund wins face-off versus Jack Eichel in Wild zone.
10:20 of 3rd period - Slapshot by Tyler Bertuzzi.
10:20 of 3rd period - Shot Misses the Net.
10:22 of 3rd period - Slapshot by Niklas Hjalmarsson.
10:22 of 3rd period - Shot Blocked by Brad Marchand.
10:24 of 3rd period - Backhand shot by Derek Forbort.
10:24 of 3rd period - Shot Blocked by Kris Letang.
10:44 of 3rd period - Cam Atkinson is hit by Lawson Crouse and loses puck.
11:46 of 3rd period - Andrew Shaw is hit by Brad Marchand and loses puck.
12:09 of 3rd period - Cam Atkinson is hit by William Nylander and loses puck.
12:14 of 3rd period - Wrist shot by Chris Tierney.
12:14 of 3rd period - Stopped by Frederik Andersen without a rebound.
12:15 of 3rd period - Evgeny Kuznetsov wins face-off versus Zach Parise in Blackhawks zone.
12:20 of 3rd period - Wrist shot by Jakob Silfverberg.
12:20 of 3rd period - Stopped by Frederik Andersen with a rebound.
13:33 of 3rd period - Wrist shot by Zach Parise.
13:33 of 3rd period - Shot Blocked by Ryan Suter.
13:49 of 3rd period - Slapshot by Jordan Greenway.
13:49 of 3rd period - Stopped by Frederik Andersen without a rebound.
13:50 of 3rd period - Andrew Shaw wins face-off versus Jack Eichel in Blackhawks zone.
14:17 of 3rd period - Snap shot by Andrew Shaw.
14:17 of 3rd period - Stopped by Anton Khudobin without a rebound.
14:18 of 3rd period - Evgeny Kuznetsov wins face-off versus Eric Staal in Wild zone.
14:29 of 3rd period - Wrist shot by Jakob Silfverberg.
14:29 of 3rd period - Stopped by Frederik Andersen without a rebound.
14:30 of 3rd period - Eric Staal wins face-off versus Brad Marchand in Blackhawks zone.
14:44 of 3rd period - Minor Penalty to Eric Staal for Roughing.
14:45 of 3rd period - Andrew Shaw wins face-off versus Jack Eichel in Blackhawks zone.
15:14 of 3rd period - Snap shot by T.J. Oshie.
15:14 of 3rd period - Shot Misses the Net.
15:16 of 3rd period - Snap shot by Jakob Silfverberg.
15:16 of 3rd period - Stopped by Frederik Andersen without a rebound.
15:17 of 3rd period - Andrew Shaw wins face-off versus Jack Eichel in Blackhawks zone.
15:46 of 3rd period - Wrist shot by T.J. Oshie.
15:46 of 3rd period - Stopped by Frederik Andersen with a rebound.
15:56 of 3rd period - Derek Forbort is hit by Jakob Silfverberg and loses puck.
16:37 of 3rd period - Snap shot by Vladislav Namestnikov.
16:37 of 3rd period - Shot Hit the Post.
16:44 of 3rd period - Penalty to Eric Staal is over, Eric Staal is back on ice.
18:39 of 3rd period - Andrew Shaw is hit by Brad Marchand and loses puck.
19:02 of 3rd period - Snap shot by Chris Tierney.
19:02 of 3rd period - Shot Blocked by Derek Forbort.
19:08 of 3rd period - Blackhawks, Frederik Andersen is pulled from the net.
19:32 of 3rd period - Wrist shot by Chris Tierney.
19:32 of 3rd period - Goal by Chris Tierney - Wild : 3 - Blackhawks : 1.
19:32 of 3rd period - Frederik Andersen from Blackhawks was sent back in the game.
19:33 of 3rd period - Jack Eichel wins face-off versus Yanni Gourde in neutral zone.
Goals for this period are 1 for Wild vs 0 for Blackhawks.
Shots for this period are 18 for Wild vs 8 for Blackhawks.